 Dungeon Crawl Stone Soup version 0.27-a0-550-ge92ec0ca06 (webtiles) character file.

Game seed: 3975980709516952754

249965 jasper the Devastator (level 20, -6/142 HPs)
             Began as a Tengu Air Elementalist on Mar 7, 2021.
             Was the Champion of Ashenzari.
             Killed from afar by a deep elf annihilator (57 damage)
             ... with a crystal spear
             ... on level 3 of the Elven Halls.
             The game lasted 01:37:01 (50311 turns).

jasper the Devastator (Tengu Air Elementalist)     Turns: 50311, Time: 01:37:02

Health: -6/142     AC: 13    Str: 10    XL:     20   Next: 6%
Magic:  2/45       EV: 27    Int: 23    God:    Ashenzari [******]
Gold:   653        SH:  6    Dex: 19    Spells: 26/60 levels left

rFire    + . .     SeeInvis +   X - staff of air (curse) {Elem, Alch}
rCold    + . .     Faith    .   b - +0 buckler of Ashenzari's Comet {AC+3, Elem, Self} (curse)
rNeg     . . .     Spirit   .   x - +1 leather armour "Ruined Fallacy" {rPois, Fort, Bglg} (curse)
rPois    +         Reflect  .   A - +2 hat of Apeoromancy {Evo, Alch} (curse)
rElec    +         Harm     .   r - +0 cloak of Ashenzari's Negation {Bglg, Melee} (curse)
rCorr    .         Rampage  .   m - +0 pair of gloves of Ashenzari's Malaise {Evo, Fort} (curse)
Will     +....     Clarity  +   (boots unavailable)
Stlth    ++........             M - amulet "Anxiety of Ashenzari" {RegenMP, Fort, Bglg} (curse)
HPRegen  0.33/turn              e - ring of Supernal Wisdom {rElec rC+ Dex+4, Self, Fort} (curse)
MPRegen  0.54/turn              f - ring of Ashenzari's Disgust {rF+, Bglg, Fort} (curse)

@: flying quickly and evasively, quick
A: beak, talons 3, able to fly
}: 1/15 runes: serpentine
a: Stop Flying, Renounce Religion, Shatter the Chains


You were on level 3 of the Elven Halls.
You worshipped Ashenzari.
Ashenzari was exalted by your worship.
You visited 8 branches of the dungeon, and saw 33 of its levels.
You also visited: Bailey and Ice Cave.

You collected 3586 gold pieces.
You spent 2933 gold pieces at shops.

Inventory:

Armour
 b - the cursed +0 buckler of Ashenzari's Comet (worn) {AC+3, Elem, Self}
   (You acquired it on level 2 of the Orcish Mines)

   It has a curse placed upon it.
 m - the cursed +0 pair of gloves of Ashenzari's Malaise (worn) {Evo, Fort}
   (You found it on level 2 of the Dungeon)

   It has a curse placed upon it.
 r - the cursed +0 cloak of Ashenzari's Negation (worn) {Bglg, Melee}
   (You found it on level 7 of the Dungeon)

   It has a curse placed upon it.
 x - the cursed +1 leather armour "Ruined Fallacy" (worn) {rPois, Fort, Bglg}
   (You found it on level 3 of the Dungeon)

   It has a curse placed upon it.
 A - the cursed +2 hat of Apeoromancy (worn) {Evo, Alch}
   (You acquired it on level 5 of the Lair of Beasts)

   It has a curse placed upon it.
 S - a +0 kite shield
Magical Staves
 X - a cursed staff of air (weapon) {Elem, Alch}
Jewellery
 a - an amulet of regeneration
 e - the cursed ring of Supernal Wisdom (left hand) {rElec rC+ Dex+4, Self, Fort}
   (You found it on level 3 of the Lair of Beasts)

   [ring of protection from cold]

   It affects your dexterity (+4).
   It protects you from cold.
   It insulates you from electricity.
   It has a curse placed upon it.
 f - the cursed ring of Ashenzari's Disgust (right hand) {rF+, Bglg, Fort}
   (You found it on level 2 of the Dungeon)

   [ring of protection from fire]

   It protects you from fire.
   It has a curse placed upon it.
 k - a ring of poison resistance
 B - a ring of protection from cold
 C - the ring "Qimeh" {Wiz rPois Slay+2 Stlth+}
   (You took it off a centaur on level 15 of the Dungeon)

   [ring of wizardry]

   It improves your spell success rate.
   It affects your accuracy and damage with ranged weapons and melee attacks
   (+2).
   It protects you from poison.
   It makes you more stealthy.
 H - a ring of resist corrosion
 L - a ring of positive energy
 M - the cursed amulet "Anxiety of Ashenzari" (around neck) {RegenMP, Fort, Bglg}
   (You found it on level 7 of the Dungeon)

   [amulet of magic regeneration]

   It increases your magic regeneration.
   It has a curse placed upon it.
Wands
 y - a wand of digging (6)
 D - a wand of acid (6)
 K - a wand of polymorph (16)
 O - a wand of random effects (28)
 Q - a wand of mindburst (20)
 V - a wand of flame (35)
Scrolls
 i - a scroll of silence
 l - 4 scrolls of amnesia
 n - 34 scrolls of identify
 p - 5 scrolls of magic mapping
 q - 15 scrolls of teleportation
 s - 5 scrolls of fog
 z - a scroll of holy word
 E - 5 scrolls of enchant weapon
 I - a scroll of blinking
 P - a scroll of enchant armour
 R - a scroll of summoning
 T - 6 scrolls of immolation
 Y - 4 scrolls of fear
 Z - a scroll of brand weapon
Potions
 c - 2 potions of magic
 d - 4 potions of berserk rage
 g - 15 potions of curing
 h - 5 potions of cancellation
 j - 10 potions of might
 o - a potion of resistance
 t - a potion of ambrosia
 u - 10 potions of lignification
 v - 11 potions of brilliance
 F - 6 potions of heal wounds
 J - 6 potions of mutation
 U - 7 potions of invisibility
 W - 10 potions of haste
Miscellaneous
 w - a box of beasts
 G - a phial of floods
 N - a phantom mirror


   Skills:
 + Level 15.4(20.6) Fighting
 - Level 8.7(12.4) Staves
 - Level 3.3(11.8) Armour
 + Level 16.7 Dodging
 - Level 2.0 Stealth
 - Level 1.1(6.7) Shields
 + Level 15.4(20.6) Spellcasting
 - Level 20.1(27) Conjurations
 - Level 5.0 Necromancy
 - Level 1.0(4.1) Ice Magic
 - Level 14.3(19.6) Air Magic
 - Level 3.4(8.5) Earth Magic


You had 26 spell levels left.
You knew the following spells:

 Your Spells              Type           Power      Damage    Failure   Level
a - Shock                 Conj/Air       100%       1d9       0%          1
b - Swiftness             Air            100%       N/A       0%          2
c - Airstrike             Air            53%        N/A       0%          4
d - Lightning Bolt        Conj/Air       57%        1d80      0%          5
e - Orb of Destruction    Conj           49%        9d15      1%          7
f - Ozocubu's Armour      Ice            42%        N/A       1%          3
g - Passwall              Tmut/Erth      37%        N/A       1%          2
h - Silence               Hex/Air        41%        N/A       1%          5
i - Borgnjor's Vile Clut  Necr/Erth      26%        N/A       4%          5

Your spell library contained the following spells:

 Spells                   Type           Power      Damage    Failure   Level
 Static Discharge         Conj/Air       100%       N/A       0%          3
 Stone Arrow              Conj/Erth      100%       3d13      0%          3
 Iskenderun's Battlesphe  Conj           99%        2d15      0%          5
 Beastly Appendage        Tmut           56%        N/A       1%          1
 Freeze                   Ice            100%       1d11      1%          1
 Sandblast                Erth           100%       2d20      1%          1
 Ensorcelled Hibernation  Hex/Ice        72%        N/A       1%          2
 Frozen Ramparts          Ice            84%        1d10      1%          3
 Hailstorm                Conj/Ice       77%        3d16      1%          4
 Summon Lightning Spire   Summ/Air       80%        N/A       1%          4
 Bolt of Magma            Conj/Fire/Erth 34%        4d15      1%          5
 Lee's Rapid Deconstruct  Erth           29%        3d16*     1%          5
 Iron Shot                Conj/Erth      40%        9d8       1%          6
 Summon Small Mammal      Summ           92%        N/A       2%          1
 Wereblood                Tmut           28%        N/A       2%          2
 Call Imp                 Summ           23%        N/A       3%          2
 Petrify                  Tmut/Erth      45%        N/A       3%          4
 Spider Form              Tmut/Pois      14%        N/A       4%          3
 Animate Armour           Summ/Erth      86%        N/A       4%          4
 Summon Guardian Golem    Hex/Summ       27%        N/A       5%          3
 Call Canine Familiar     Summ           23%        N/A       7%          3
 Spellforged Servitor     Conj/Summ      36%        N/A       8%          7
 Ice Form                 Ice/Tmut       35%        N/A       9%          4
 Summon Ice Beast         Ice/Summ       33%        N/A       10%         4
 Cause Fear               Hex            15%        N/A       13%         4
 Yara's Violent Unravell  Hex/Tmut       14%        3d7       36%         5
 Blade Hands              Tmut           14%        N/A       41%         5
 Summon Forest            Summ/Tloc      13%        N/A       43%         5
 Summon Mana Viper        Hex/Summ       27%        N/A       43%         5
 Shadow Creatures         Summ           N/A        N/A       98%         6
 Summon Hydra             Summ           11%        N/A       100%        7
 Discord                  Hex            15%        N/A       100%        8


Dungeon Overview and Level Annotations

Branches:
Dungeon (15/15)            Temple (1/1) D:6            Lair (6/6) D:8
 Shoals (1/4) Lair:3        Snake (4/4) Lair:4        Slime (0/5) Lair:6
    Orc (2/2) D:9             Elf (3/3) Orc:2        Vaults (1/5) D:14
 Depths (0/5) D:15         Bailey (visited)           IceCv (visited)

Altars:
Ashenzari
Cheibriados
Dithmenos
Elyvilon
Fedhas
Gozag
Hepliaklqana
Kikubaaqudgha
Makhleb
Nemelex Xobeh
Okawaru
Qazlal
Ru
Sif Muna
Trog
Uskayaw
Vehumet
Wu Jian
Xom
Yredelemnul
Zin
The Shining One
Beogh
Jiyva

Shops:
D:9 !(((   D:12 *   D:13 *   Orc:2 *=?(   Elf:1 (*   Elf:3 *   Snake:4 !:![
Vaults:1 *

Annotations:
D:3 2 transporters, Veldoneri's ghost, weakling HaMo
D:4 Edmund
D:9 2 transporters, krigyl's ghost, novice PaWn
Lair:3 1 runed translucent door, indyram44's ghost, journeyman GrGl
Snake:3 1 exclusion
Elf:2 6 runed translucent doors


Innate Abilities, Weirdness & Mutations

You have a beak for a mouth.
You have claws for feet.
You can fly continuously.


Message History

The deep elf blademaster completely misses you.
The deep elf blademaster hits you but does no damage.
You now have 18/45 mp.
Casting: Orb of Destruction (safe; 1% risk of failure)
Confirm with . or Enter, or press ? or * to list all spells.
Aiming: Orb of Destruction (safe; 1% risk of failure)
Press: ? - help, Shift-Dir - straight line, f/p - deep elf blademaster
Aim: a deep elf blademaster, wielding two +0 rapiers and wearing a +0 leather armour (almost dead)
The wavering orb of destruction weakly hits the deep elf blademaster!!!
You blow up the deep elf blademaster!
You now have 11/45 mp.
The deep elf high priest calls down the wrath of its god upon you.
The sphere of damnation explodes!
The damnation engulfs you!!
* * * LOW HITPOINT WARNING * * *
You hear a shout!
You take 32 damage, and have 34/142 hp.
MASSIVE DAMAGE!!
Casting: Orb of Destruction (safe; 1% risk of failure)
Confirm with . or Enter, or press ? or * to list all spells.
Aiming: Orb of Destruction (safe; 1% risk of failure)
Press: ? - help, Shift-Dir - straight line, f - deep elf high priest
Aim: a deep elf high priest, wielding a +2 vorpal long sword and wearing a +0 scale mail (brilliance aura)
You now have 6/45 mp.
The wavering orb of destruction hits the deep elf high priest!!
The deep elf high priest is severely wounded.
Casting: Orb of Destruction (safe; 1% risk of failure)
Confirm with . or Enter, or press ? or * to list all spells.
Aiming: Lightning Bolt (safe; 0% risk of failure)
Press: ? - help, Shift-Dir - straight line, f/p - deep elf high priest
Aim: a deep elf high priest, wielding a +2 vorpal long sword and wearing a +0 scale mail (magical condensation, severely wounded, brilliance aura, 40% to evade)
You feel a surge of power!
You hear a mighty clap of thunder!
The bolt of lightning hits the deep elf high priest!!!
You kill the deep elf high priest!
The bolt of lightning misses the deep elf annihilator.
You hear a shout! x4
You now have 2/45 mp.
You feel much better.
The deep elf annihilator casts a spell at you.
The crystal spear hits you!!!
You die...

$∆ .......)e, ** ,, *
:∆∆{ * ....e....**
∆∆∆∆∆* #∆∆∆{∆
##.....## ∆∆∆∆∆ #*
∆∆∆∆{###{###.{∆∆∆ *
##*##...{#...#$$($####
#######.{#...#:$######
##########...#########
###########.##########
.......)....ee°.@.####
...............(..####
################.[####
...............#).####
.).............#..####
'############..#.(####
............#..'.)####
............#..#[)####
............#..#))####


You could see 2 deep elf annihilators.

Vanquished Creatures
  Mara (Snake:4)
  Nikola (Elf:3)
  2 deep elf blademasters (Elf:3)
  2 deep elf master archers (Elf:3)
  Kirke (D:14)
  5 nagarajas (Snake:4)
  5 deep elf sorcerers
  2 deep elf elementalists
  An ironheart preserver (Vaults:1)
  Nessos (Lair:6)
  3 deep elf demonologists
  A deep elf annihilator (Elf:3)
  3 deep elf death magi
  Josephine (D:15)
  7 deep elf high priests (Elf:3)
  11 hydras
  2 ice dragons (D:15)
  6 ogre magi
  A boulder beetle (D:13)
  13 naga warriors
  5 centaur warriors
  23 two-headed ogres
  Harold (D:9)
  3 catoblepae (Lair:6)
  5 anacondas
  11 dancing weapons
  13 death yaks
  Urug (Lair:3)
  An orc high priest (Elf:1)
  2 tengu warriors (D:15)
  9 shock serpents
  15 naga sharpshooters
  15 deep elf knights
  A fire crab (D:15)
  6 salamander mystics
  5 unseen horrors
  3 sea snakes (Snake:1)
  2 wizards (D:14)
  3 harpies (Shoals:1)
  13 deep elf archers
  An orange crystal statue (D:15)
  6 naga ritualists
  29 deep elf zephyrmancers
  A necromancer (D:14)
  9 ugly things
  11 mana vipers
  23 deep elf pyromancers
  3 orc knights
  An oklob plant (Lair:3)
  2 orc sorcerers
  A salamander (shapeshifter) (Elf:1)
  4 manticores
  3 cyclopes
  24 salamanders
  17 elephants
  A merfolk siren (Lair:3)
  Maurice (D:8)
  A guardian serpent (Snake:3)
  31 naga magi
  48 black mambas
  A molten gargoyle (D:14)
  2 ice statues (IceCv)
  2 centaur skeletons
  19 cane toads
  3 torpor snails
  3 gargoyles
  8 komodo dragons
  3 rime drakes
  A freezing wraith (D:14)
  A harpy zombie (D:15)
  12 trolls
  Prince Ribbit (D:8)
  Grinder (D:6)
  4 blink frogs
  A meliai zombie (D:14)
  4 dream sheep (Lair:4)
  2 shadows
  7 wyverns
  4 air elementals (Elf:1)
  A vampire (D:13)
  6 wraiths
  5 water elementals
  56 yaks
  4 hogs (D:15)
  Grum (D:9)
  A steam dragon (D:10)
  A basilisk (Lair:5)
  2 wargs
  Menkaure (D:6)
  A two-headed ogre zombie (D:9)
  10 vampire mosquitoes
  37 nagas
  29 water moccasins
  33 orc warriors
  10 ice beasts
  A hornet zombie (D:9)
  5 sky beasts
  An eye of draining (D:12)
  A black bear (Lair:2)
  34 ogres
  20 wolves
  15 centaurs
  3 kobold brigands
  5 phantoms
  24 bullfrogs
  2 earth elementals
  2 gnoll sergeants
  A wyvern zombie (D:11)
  A wyvern skeleton (D:6)
  3 scorpions
  A water moccasin skeleton (D:7)
  16 killer bees
  7 electric eels
  3 howler monkeys (D:9)
  8 wights
  A lava snake (Lair:6)
  5 centaur zombies
  2 bullfrog zombies
  24 orc priests
  10 hounds
  4 jellies
  2 gnoll shamans
  A bullfrog skeleton (D:10)
  5 iguanas
  26 orc wizards
  5 worker ants
  A killer bee zombie (D:7)
  7 ogre zombies (D:9)
  2 hound skeletons
  Robin (D:3)
  28 gnolls
  27 adders
  A howler monkey skeleton (D:8)
  A shadow imp (D:7)
  2 white imps
  2 ufetubi
  An adder zombie (D:7)
  4 worms
  2 dart slugs (D:1)
  4 leopard geckos
  106 orcs
  4 giant cockroaches
  17 goblins
  16 hobgoblins
  7 jackals
  33 kobolds
  A quokka (D:5)
  A ball python (Snake:1)
  A ball python skeleton (D:4)
  8 bats
  3 frilled lizards
  2 goblin skeletons (D:9)
  2 goblin zombies (D:9)
  3 hobgoblin skeletons (D:9)
  A hobgoblin zombie (D:9)
  An orc skeleton (D:9)
  16 orc zombies (D:9)
  9 rats
1252 creatures vanquished.

Vanquished Creatures (others)
  A naga warrior (Snake:1)
  A deep elf zephyrmancer (Elf:3)
  3 orcs
  40 fungi
  53 plants
  A withered plant (D:15)
99 creatures vanquished.

Grand Total: 1351 creatures vanquished

Notes
Turn   | Place    | Note
-------+----------+-------------------------------------------
     0 | D:1      | jasper the Tengu Air Elementalist began the quest for the
                  | Orb.
     0 | D:1      | Reached XP level 1. HP: 10/10 MP: 4/4
   306 | D:1      | Reached skill level 2 in Conjurations
   306 | D:1      | Reached XP level 2. HP: 13/15 MP: 4/6
   309 | D:1      | Learned a level 2 spell: Swiftness
   812 | D:1      | Reached XP level 3. HP: 19/19 MP: 3/7
   875 | D:1      | Reached skill level 3 in Conjurations
  1405 | D:2      | Reached skill level 5 in Air Magic
  1405 | D:2      | Reached XP level 4. HP: 20/24 MP: 5/8
  1410 | D:2      | Learned a level 4 spell: Airstrike
  1763 | D:2      | Reached skill level 4 in Conjurations
  2252 | D:2      | Gained mutation: You can fly continuously. [Tengu growth]
  2252 | D:2      | Reached XP level 5. HP: 28/28 MP: 5/9
  3460 | D:3      | Reached skill level 5 in Conjurations
  3863 | D:3      | Reached XP level 6. HP: 32/32 MP: 3/10
  4069 | D:3      | Noticed Robin
  4481 | D:3      | Killed Robin
  4542 | D:3      | Found a transporter.
  4543 | D:3      | Noticed Veldoneri's ghost (weakling HaMo)
  4573 | D:3      | Found a transporter.
  4586 | D:3      | Found a broken altar of Ashenzari.
  4594 | D:3      | Became a worshipper of Ashenzari the Shackled
  5003 | D:4      | Reached skill level 6 in Conjurations
  5421 | D:4      | Reached XP level 7. HP: 36/36 MP: 4/11
  5823 | D:4      | Noticed Edmund
  5893 | D:5      | Entered Level 5 of the Dungeon
  6052 | D:5      | Reached skill level 7 in Conjurations
  6518 | D:5      | Learned a level 5 spell: Lightning Bolt
  6936 | D:5      | Found a shimmering altar of Xom.
  6936 | D:5      | Found a sacrificial altar of Ru.
  6970 | D:5      | Reached XP level 8. HP: 37/41 MP: 0/13
  6970 | D:5      | Reached * piety under Ashenzari
  7616 | D:6      | Found a staircase to the Ecumenical Temple.
  7626 | D:6      | Reached skill level 8 in Conjurations
  7635 | Temple   | Entered the Ecumenical Temple
  8016 | D:6      | Noticed Grinder
  8031 | D:6      | Killed Grinder
  8386 | D:6      | Reached skill level 9 in Conjurations
  8526 | D:6      | Reached ** piety under Ashenzari
  8570 | D:6      | Reached skill level 10 in Air Magic
  8732 | D:6      | Reached XP level 9. HP: 45/45 MP: 11/17
  8815 | D:6      | Noticed Menkaure
  8822 | D:6      | Killed Menkaure
  9039 | D:6      | Reached skill level 10 in Conjurations
  9726 | D:7      | Identified the +3 chain mail of Xofaited {Str-3 Int+7}
  9803 | D:7      | Reached *** piety under Ashenzari
  9823 | D:7      | Found a flagged portal.
  9829 | Bailey   | Entered a bailey
  9903 | Bailey   | Reached skill level 11 in Conjurations
 10276 | D:7      | Reached skill level 1 in Fighting
 10412 | D:7      | Reached XP level 10. HP: 56/56 MP: 14/19
 10583 | D:7      | Found a basalt altar of Yredelemnul.
 10743 | D:8      | Noticed Prince Ribbit
 10836 | D:8      | Killed Prince Ribbit
 11009 | D:7      | Learned a level 7 spell: Orb of Destruction
 11798 | D:7      | Reached skill level 12 in Conjurations
 11967 | D:8      | Reached skill level 5 in Dodging
 12065 | D:8      | Identified the +1 plate armour of Forking Paths {+Inv rPois
                  | Str+4 Dex-3}
 12305 | D:8      | Found a staircase to the Lair.
 13020 | D:9      | Noticed Maurice
 13031 | D:8      | Killed Maurice
 13151 | D:9      | Noticed Harold
 13156 | D:9      | Killed Harold
 13157 | D:9      | Reached skill level 5 in Fighting
 13157 | D:9      | Reached XP level 11. HP: 58/68 MP: 4/21
 13319 | D:9      | Found Deacah's Weapon Shop.
 13327 | D:9      | Noticed a moth of wrath
 13336 | D:9      | Reached **** piety under Ashenzari
 13343 | D:9      | Noticed krigyl's ghost (novice PaWn)
 13346 | D:9      | Found a transporter.
 13361 | D:9      | Found a transporter.
 13391 | D:9      | Reached skill level 13 in Conjurations
 13410 | D:9      | Found Ratew's Weapon Shoppe.
 13727 | D:9      | Found a staircase to the Orcish Mines.
 13732 | D:9      | Noticed Grum
 13750 | D:9      | Killed Grum
 13842 | D:9      | Found Kaofieci's Weapon Emporium.
 13868 | D:9      | Found Soigh's Distillery.
 14063 | D:9      | Bought a potion of heal wounds for 70 gold pieces
 14063 | D:9      | Bought a potion of invisibility for 112 gold pieces
 14063 | D:9      | Bought a potion of haste for 140 gold pieces
 14063 | D:9      | Bought a potion of haste for 140 gold pieces
 14063 | D:9      | Bought a potion of curing for 42 gold pieces
 14129 | D:9      | Reached skill level 14 in Conjurations
 14301 | D:10     | Entered Level 10 of the Dungeon
 14818 | D:10     | Reached ***** piety under Ashenzari
 15224 | D:10     | Noticed an unseen horror
 15226 | D:10     | Killed an unseen horror
 15363 | D:10     | Reached skill level 15 in Conjurations
 16162 | D:11     | Noticed an unseen horror
 16164 | D:11     | Killed an unseen horror
 16165 | D:11     | Reached skill level 16 in Conjurations
 16238 | D:11     | Noticed an unseen horror
 16241 | D:11     | Killed an unseen horror
 16506 | D:11     | Reached XP level 12. HP: 75/75 MP: 11/23
 16544 | D:11     | Reached skill level 17 in Conjurations
 16637 | D:11     | Noticed a two-headed ogre
 16640 | D:11     | Killed a two-headed ogre
 17282 | Orc:1    | Entered Level 1 of the Orcish Mines
 17291 | Orc:1    | Reached skill level 5 in Spellcasting
 18715 | Orc:2    | Entered Level 2 of the Orcish Mines
 18960 | Orc:2    | Noticed a two-headed ogre
 18961 | Orc:2    | Noticed a two-headed ogre
 18962 | Orc:2    | Killed a two-headed ogre
 19061 | Orc:2    | Killed a two-headed ogre
 19125 | Orc:2    | Noticed an ogre mage
 19129 | Orc:2    | Killed an ogre mage
 19154 | Orc:2    | Noticed a two-headed ogre
 19208 | Orc:2    | Noticed a two-headed ogre
 19212 | Orc:2    | Killed a two-headed ogre
 19213 | Orc:2    | Reached XP level 13. HP: 84/84 MP: 6/28
 19477 | Orc:2    | Paralysed by an orc sorcerer for 4 turns
 19558 | Orc:2    | Reached skill level 10 in Dodging
 19988 | Orc:2    | Found a staircase to the Elven Halls.
 20345 | Orc:2    | Found Koatit's General Store.
 20345 | Orc:2    | Found Fitt's Magic Scroll Boutique.
 20345 | Orc:2    | Found Beekyohu's Jewellery Boutique.
 20345 | Orc:2    | Found Sameot's Weapon Emporium.
 20378 | Orc:2    | Bought a scroll of acquirement for 676 gold pieces
 20383 | Orc:2    | Acquired a +0 buckler of protection
 20806 | Lair:1   | Entered Level 1 of the Lair of Beasts
 20831 | Lair:1   | Reached skill level 1 in Shields
 20882 | Lair:1   | Reached skill level 1 in Staves
 21329 | Lair:1   | Found a frozen archway.
 21333 | Lair:1   | Reached XP level 14. HP: 96/96 MP: 22/32
 21339 | IceCv    | Entered an ice cave
 21361 | IceCv    | Reached skill level 5 in Staves
 21422 | IceCv    | Found a transporter.
 21502 | IceCv    | Found a transporter.
 22672 | Lair:3   | Noticed Urug
 22675 | Lair:3   | Killed Urug
 22755 | Lair:3   | Found a runed translucent door.
 22755 | Lair:3   | Found a shimmering altar of Xom.
 22755 | Lair:3   | Identified the +9 battleaxe of a Gauntlet {chaos, *Noise
                  | rF++ rN+ Str+4}
 22757 | Lair:3   | Noticed indyram44's ghost (journeyman GrGl)
 22948 | Lair:3   | Found a staircase to the Shoals.
 23146 | Lair:3   | Identified the ring "Jyibleb" {rElec rC+ Dex+4}
 23360 | Lair:3   | Reached skill level 10 in Fighting
 23863 | Lair:4   | Learned a level 3 spell: Ozocubu's Armour
 24103 | Lair:4   | Reached skill level 1 in Ice Magic
 24169 | Lair:4   | Found a staircase to the Snake Pit.
 25739 | Lair:5   | Acquired a +1 hat
 26005 | Lair:5   | Reached XP level 15. HP: 104/104 MP: 27/34
 26129 | Lair:6   | Entered Level 6 of the Lair of Beasts
 26234 | Lair:6   | Noticed Nessos
 26263 | Lair:5   | Reached skill level 10 in Spellcasting
 26872 | Lair:6   | Killed Nessos
 27564 | Lair:5   | Learned a level 2 spell: Passwall
 27570 | Lair:5   | Learned a level 5 spell: Silence
 27672 | Lair:6   | Found a viscous altar of Jiyva.
 27672 | Lair:6   | Found a staircase to the Slime Pits.
 29336 | D:12     | Found Tinu's General Store.
 29979 | D:13     | Found Zeuvair's Assorted Antiques.
 29984 | D:13     | Bought a scroll of immolation for 101 gold pieces
 29984 | D:13     | Bought a scroll of immolation for 101 gold pieces
 29984 | D:13     | Bought a potion of invisibility for 232 gold pieces
 30439 | D:13     | Reached XP level 16. HP: 112/112 MP: 31/37
 30902 | D:14     | Found a gate to the Vaults.
 31483 | D:14     | Found a hide-covered altar of Uskayaw.
 31585 | D:15     | Entered Level 15 of the Dungeon
 31585 | D:15     | Noticed Kirke
 31607 | D:14     | Noticed a sphinx
 31633 | D:14     | Identified the cursed +0 cloak of Ashenzari's Negation
                  | {Bglg, Melee} (You found it on level 7 of the Dungeon)
 31633 | D:14     | Identified the cursed +0 pair of gloves of Ashenzari's
                  | Malaise {Evo, Fort} (You found it on level 2 of the
                  | Dungeon)
 31633 | D:14     | Identified the cursed +1 leather armour "Ruined Fallacy"
                  | {rPois, Fort, Bglg} (You found it on level 3 of the
                  | Dungeon)
 31633 | D:14     | Identified the cursed ring "Share My Secrets" {AC+4, Cun,
                  | Self} (You found it on level 6 of the Dungeon)
 31633 | D:14     | Identified the cursed ring of Ashenzari's Disgust {rF+,
                  | Bglg, Fort} (You found it on level 2 of the Dungeon)
 31642 | D:14     | Killed Kirke
 32238 | D:15     | Noticed Josephine
 33167 | D:15     | Found a staircase to the Depths.
 33440 | D:15     | Found a basalt altar of Yredelemnul.
 33550 | D:15     | Reached ****** piety under Ashenzari
 33670 | D:15     | Identified the ring "Qimeh" {Wiz rPois Slay+2 Stlth+}
 33895 | D:15     | Killed Josephine
 34245 | Snake:1  | Entered Level 1 of the Snake Pit
 35231 | Snake:1  | Found a snail-covered altar of Cheibriados.
 35306 | Snake:1  | Reached XP level 17. HP: 122/122 MP: 33/40
 35322 | Snake:1  | Identified the +0 pair of boots of Action {rElec rPois
                  | rF+++ Dex-5}
 37986 | Snake:3  | Reached skill level 18 in Conjurations
 38755 | Snake:3  | Learned a level 5 spell: Borgnjor's Vile Clutch
 39091 | Snake:4  | Entered Level 4 of the Snake Pit
 40073 | Snake:4  | Noticed Mara
 40081 | Snake:4  | Noticed jasper's illusion
 40084 | Snake:4  | Killed Mara
 40085 | Snake:4  | Reached skill level 19 in Conjurations
 40085 | Snake:4  | Reached XP level 18. HP: 106/122 MP: 0/39
 41558 | Snake:4  | Found Daedgh's Distillery.
 41558 | Snake:4  | Found Hyptimn's Book Shoppe.
 41654 | Snake:4  | Found Ciohimacs's Distillery.
 41657 | Snake:4  | Found Lig Kulu's Armour Emporium.
 41961 | Snake:4  | Bought a potion of haste for 120 gold pieces
 41961 | Snake:4  | Bought 2 potions of invisibility for 192 gold pieces
 41961 | Snake:4  | Bought a potion of haste for 120 gold pieces
 41961 | Snake:4  | Bought a potion of resistance for 120 gold pieces
 41961 | Snake:4  | Bought a potion of heal wounds for 60 gold pieces
 41961 | Snake:4  | Bought a potion of haste for 120 gold pieces
 41961 | Snake:4  | Bought a potion of haste for 120 gold pieces
 41961 | Snake:4  | Bought a potion of brilliance for 48 gold pieces
 42240 | Snake:4  | Reached skill level 20 in Conjurations
 42502 | Snake:4  | Reached skill level 1 in Necromancy
 42667 | Snake:4  | Reached skill level 1 in Earth Magic
 42946 | Snake:4  | Bought a potion of curing for 48 gold pieces
 42946 | Snake:4  | Bought a potion of heal wounds for 80 gold pieces
 42946 | Snake:4  | Bought a potion of invisibility for 128 gold pieces
 42946 | Snake:4  | Bought a potion of invisibility for 128 gold pieces
 43235 | Snake:4  | Got a serpentine rune of Zot
 43650 | Shoals:1 | Entered Level 1 of the Shoals
 44288 | Vaults:1 | Entered Level 1 of the Vaults
 44356 | Vaults:1 | Found Hiuloaqy's Assorted Antiques.
 44373 | Vaults:1 | Reached skill level 5 in Necromancy
 44373 | Vaults:1 | Reached skill level 15 in Dodging
 44576 | Elf:1    | Entered Level 1 of the Elven Halls
 45057 | Elf:1    | Identified the Guide on Creation
 45195 | Elf:1    | Found Riadghag's Assorted Antiques.
 45262 | Elf:1    | Found Cashaosi's Antique Weapon Emporium.
 45285 | Elf:1    | Reached XP level 19. HP: 98/127 MP: 3/41
 46911 | Elf:2    | Found a runed translucent gate.
 46911 | Elf:2    | Found a runed translucent gate.
 46912 | Elf:2    | Found a runed translucent gate.
 46915 | Elf:2    | Noticed a tentacled monstrosity
 46915 | Elf:2    | Noticed a tentacled monstrosity
 46925 | Elf:2    | Noticed a tentacled monstrosity
 47167 | Elf:2    | Found a runed translucent gate.
 47167 | Elf:2    | Found a runed translucent gate.
 47207 | Elf:2    | Found a runed translucent gate.
 47293 | Elf:3    | Entered Level 3 of the Elven Halls
 48497 | Elf:3    | Reached skill level 15 in Spellcasting
 48998 | Elf:3    | Identified the +5 trident of Yseude {speed, Stlth+}
 48998 | Elf:3    | Identified the +10 quick blade of the Silent Majority
                  | {freeze, Str+4}
 49064 | Elf:3    | Found Ommush's Assorted Antiques.
 49113 | Elf:3    | Bought a scroll labelled SOATHR TOEC VUI for 35 gold pieces
 49115 | Elf:3    | Noticed Nikola
 49178 | Elf:3    | Killed Nikola
 49348 | Elf:3    | Reached skill level 15 in Fighting
 49513 | Elf:3    | Identified the Volume of Icy Companions
 49802 | Elf:3    | Identified the +11 halberd of Osymmouvui {pain, +Fly rElec
                  | rF+ Will+}
 50276 | Elf:3    | Reached XP level 20. HP: 142/142 MP: 38/45
 50311 | Elf:3    | Killed from afar by a deep elf annihilator

Illustrated notes

Levels and vault maps discovered:
D:1:      co_arrival_square_in_a_square_in_a_square, layout_basic,
          dk_noncrumbling_2
D:2:      layout_basic
D:3:      layout_rooms, cheibrodos_ashenzari_chains, gammafunk_ghost_stat_death,
          uniq_robin
D:4:      layout_gridville, minmay_misc_feat_five, minivault_26, uniq_edmund
D:5:      layout_cave_pods, gammafunk_temple_overflow_elements
D:6:      layout_loops_corners, minmay_temple_entry_overgrown, lightli_minifort,
          uniq_grinder, uniq_menkaure
D:7:      minmay_general_purpose_star, layout_basic, kennysheep_little_box,
          enter_bailey_4
D:8:      layout_basic, erik_lair_island, uniq_prince_ribbit1
D:9:      layout_roguey, zombieorc2_lemuel, gammafunk_ghost_berserking_beasts,
          serial_shops, shop, nicolae_shop_behind_doors, shop, shop,
          uniq_harold, uniq_grum, uniq_maurice
D:10:     layout_stronghold
D:11:     layout_stronghold
D:12:     layout_irregular_city, serial_shops, nicolae_shop_waterfront
D:13:     layout_roguey, serial_shops, shop,
          hangedman_abyss_or_decor_jellyfish_corner
D:14:     layout_roguey, david_vaults_1, nicolae_uskayaw_suspiria
D:15:     grunt_enter_depths_hoard, layout_rooms, grunt_decor_fettered,
          special_room [special_room_orc], minivault_15,
          yredelemnul_altar_generic, uniq_josephine, uniq_kirke
Temple:   dpeg_five_rooms_temple
Lair:1:   layout_chaotic_city, serial_rivers, chequers_serial_rivers_small_b,
          chequers_serial_rivers_micro_a, chequers_serial_rivers_micro_b,
          chequers_serial_rivers_marsh, chequers_serial_rivers_small_3,
          chequers_serial_rivers_room_b, portal_ice_cave_rime,
          serial_bayou_pond_e, st_stairs_5
Lair:2:   layout_roguey, minmay_holes
Lair:3:   nzn_winding_woodlands_three_and_one
          [nzn_winding_woodlands_5x15_lazy_stream,
          nzn_winding_woodlands_5x15_pockets, nzn_winding_woodlands_5x15_jagged,
          nzn_winding_woodlands_center_triple_pond], layout_gridlike,
          minmay_shoals_entry_lonely_mermaid, ebering_ghost_xom, uniq_urug
Lair:4:   layout_roguey, minmay_snake_entry_six_corridors,
          infiniplex_staircase_pool
Lair:5:   layout_long_grid
Lair:6:   evilmike_catoblepas_cave, layout_gridlike, slime_altar_1,
          serial_bayou_pond_c, chequers_serial_rivers_micro_e,
          chequers_serial_rivers_room_a, uniq_nessos
Shoals:1: layout_shoals, nicolae_shoals_undead_eyrie
Snake:1:  layout_gridlike, basic_altar, nicolae_snake_springs,
          serial_bayou_shore_b, grunt_megastairs_1
Snake:2:  layout_rooms, serial_bayou_shore_b
Snake:3:  layout_cave_pods, library_closet, drop_trap, st_stairs_9,
          nicolae_snake_shapes, grunt_megastairs_4
Snake:4:  snake_pit, layout_layer_cave, st_stairs_3, drop_trap,
          minmay_shoptagon, uniq_mara
Orc:1:    layout_caves
Orc:2:    st_orc_ogre_mass, layout_caves, nicolae_orc_lava_tube
Elf:1:    elf_arrival_002, layout_gridlike, serial_shops,
          nicolae_shop_behind_doors, shop, minmay_elf_demonology,
          grunt_megastairs_5
Elf:2:    layout_geoelf_octagon, ploomutoo_gammafunk_ghost_potion_laboratory
Elf:3:    minmay_elf_hall_not_hex, layout_onion_city, serial_shops,
          nicolae_shop_waterfront, uniq_nikola
Vaults:1: nicolae_vaults_big_ls, vaults_room_grid, ontoclasm_vaults_gateway,
          ontoclasm_vaults_shout, nicolae_vaults_disjoint_gnomons,
          hangedman_vaults_cutoff, v_misc_4, vaults_room_pool,
          vaults_room_fours, nicolae_vaults_theta, layout_vaults_maze_snakey,
          serial_shops, nicolae_shop_waterfront

Skill      XL: |  1  2  3  4  5  6  7  8  9 10 11 12 13 14 15 16 17 18 19 |
---------------+----------------------------------------------------------+-----
Conjurations   | 2 3 4 5 6 7 9 11 12 16 17 19 20 | 20.1
Air Magic      | 5 6 7 8 10 12 14 | 14.3
Spellcasting   | 3 4 6 8 9 11 12 13 14 15 | 15.4
Armour         | 3 |  3.3
Fighting       | 1 5 8 9 10 12 13 14 15 | 15.4
Dodging        | 3 6 9 10 11 13 14 15 16 | 16.7
Shields        | 1 |  1.1
Staves         | 4 8 |  8.7
Ice Magic      | 1 |  1.0
Necromancy     | 5 |  5.0
Earth Magic    | 3 |  3.4
Stealth        | |  2.0

Action                   |  1- 3 |  4- 6 |  7- 9 | 10-12 | 13-15 | 16-18 | 19-21 || total
-------------------------+-------+-------+-------+-------+-------+-------+-------++-------
Melee: Mace              |    25 |    30 |       |       |       |       |       ||    55
       Kick              |     7 |     4 |    26 |    37 |    72 |    80 |    11 ||   237
       Peck              |     3 |     2 |    16 |    19 |    42 |    49 |     9 ||   140
       Spear             |       |       |   158 |    53 |       |       |       ||   211
       Staff             |       |       |       |    72 |   295 |   342 |    35 ||   744
       Unarmed           |       |       |       |       |       |     5 |       ||     5
 Cast: Shock             |    41 |   161 |   310 |   512 |    75 |     6 |     1 ||  1106
       Lightning Bolt    |       |       |       |    80 |   164 |   269 |    23 ||   536
       Orb of Destructio |       |       |       |    58 |   199 |   268 |   132 ||   657
       Ozocubu's Armour  |       |       |       |       |     1 |       |       ||     1
       Airstrike         |       |       |       |       |       |     2 |     2 ||     4
Invok: Curse Item        |       |       |     4 |     3 |     1 |     1 |     1 ||    10
       Shatter the Chain |       |       |       |       |       |     1 |       ||     1
 Abil: Fly               |       |     1 |       |       |       |       |       ||     1
Evoke: Wand              |       |       |     9 |       |     1 |       |       ||    10
       Phial of floods   |       |       |       |       |       |     1 |       ||     1
  Use: Scroll            |     3 |       |     1 |       |     4 |       |       ||     8
       Potion            |       |       |       |       |       |     1 |     1 ||     2
 Stab: Sleeping          |       |       |     2 |     3 |     1 |     1 |       ||     7
       Distracted        |       |       |       |     1 |       |       |       ||     1
       Petrifying        |       |       |       |       |     3 |       |       ||     3
Armor: Robe              |    10 |    11 |       |       |       |       |       ||    21
       Animal skin       |       |     1 |     4 |       |       |       |       ||     5
       Leather armour    |       |       |    59 |   136 |   108 |    91 |    19 ||   413
Dodge: Dodged            |    38 |    35 |   173 |   443 |   420 |   510 |    86 ||  1705
Block: Buckler           |       |       |       |       |   140 |   151 |    23 ||   314

Table legend: (Time is in decaauts)
 A = Elapsed time spent in this place.
 B = Non-inter-level travel time spent in this place.
 C = Inter-level travel time spent in this place.
 D = Time resting spent in this place.
 E = Time spent auto-exploring this place.
 F = Levels seen in this place.
 G = Mean time per level.
                   A        B        C        D        E       F      G
               +--------+--------+--------+--------+--------+-----+--------+
         Total |  48385 |  46027 |   2358 |  16227 |  21666 |  35 | 1382.4 |
       Dungeon |  22198 |  20863 |   1335 |   5928 |  11518 |  15 | 1479.9 |
        Temple |    343 |    316 |     27 |      0 |    312 |   1 |  343.0 |
          Lair |   8017 |   7526 |    491 |   2478 |   3841 |   6 | 1336.2 |
        Shoals |      9 |      9 |      0 |      0 |      0 |   1 |    9.0 |
     Snake Pit |   9004 |   8711 |    293 |   4244 |   2905 |   4 | 2251.0 |
  Orcish Mines |   2730 |   2591 |    139 |   1098 |    895 |   2 | 1365.0 |
   Elven Halls |   5313 |   5265 |     48 |   2208 |   2064 |   3 | 1771.0 |
        Vaults |    117 |     95 |     22 |      0 |     50 |   1 |  117.0 |
        Bailey |    366 |    366 |      0 |     69 |     79 |   1 |  366.0 |
      Ice Cave |    283 |    283 |      0 |    201 |      0 |   1 |  283.0 |
               +--------+--------+--------+--------+--------+-----+--------+

Top non-repeatable levels by time:
 Snake:3: 3694 daAuts
 Snake:4: 2450 daAuts
     D:2: 2371 daAuts
     D:9: 2268 daAuts
     D:7: 2145 daAuts
   Elf:3: 2091 daAuts
  Lair:5: 1898 daAuts
    D:14: 1831 daAuts
  Lair:3: 1772 daAuts
   Elf:1: 1678 daAuts
 Snake:1: 1589 daAuts
    D:10: 1579 daAuts
   Elf:2: 1543 daAuts
   Orc:2: 1519 daAuts
  Lair:4: 1498 daAuts
